 Dungeon Crawl Stone Soup version 0.28.0-53-g5a82cb258f (webtiles) character file.

Game seed: 5560893139120034488

7 infcreate the Sneak (level 1, -1/10 HPs)
             Began as a Vampire Enchanter on July 28, 2022.
             Slain by a hobgoblin (5 damage)
             ... on level 1 of the Dungeon.
             The game lasted 00:00:36 (81 turns).

infcreate the Sneak (Vampire Enchanter)               Turns: 81, Time: 00:00:37

Health: -1/10      AC:  2    Str:  7    XL:     1   Next: 83%
Magic:  3/3        EV: 12    Int: 17    God:
Gold:   0          SH:  0    Dex: 14    Spells: 4/4 levels left

rFire   . . .      SeeInvis +   a - +1 dagger
rCold   + + .      Faith    .   (no shield)
rNeg    + + +      Spirit   .   b - +0 robe
rPois   ∞          Reflect  .   (no helmet)
rElec   .          Harm     .   (no cloak)
rCorr   .          Rampage  .   (no gloves)
Will    .....                   (no boots)
Stlth   +++++.....              (no amulet)
HPRegen 0.00/turn               (no ring)
MPRegen 0.08/turn               (no ring)

@: bloodless, inhibited regen
A: bloodless, fangs 3, see invisible, vampiric 1
a: Revivify


You were on level 1 of the Dungeon.
You visited 1 branch of the dungeon, and saw 1 of its levels.


Innate Abilities, Weirdness & Mutations

You do not regenerate when monsters are visible.
You are frail without blood (-20% HP).
You can heal yourself when you bite living creatures.
You are immune to poison.
You have razor-sharp teeth.
You have supernaturally acute eyesight. (SInv)
You are afflicted with vampirism.


   Skills:
 + Level 1.3 Short Blades
 + Level 2.3 Dodging
 + Level 4.6 Stealth
 + Level 2.1 Spellcasting
 + Level 4.5 Hexes


You had 4 spell levels left.
You didn't know any spells.
Your spell library contained the following spells:

 Spells                   Type           Power      Damage    Failure   Level
 Confusing Touch          Hex            17%        N/A       9%          3
 Tukima's Dance           Hex            17%        N/A       9%          3
 Ensorcelled Hibernation  Hex/Ice        18%        N/A       12%         2
 Dazzling Flash           Conj/Hex       18%        N/A       22%         3

Inventory:

Hand Weapons
 a - a +1 dagger (weapon)
Armour
 b - a +0 robe (worn)
Scrolls
 d - a scroll of vulnerability {unknown}
 f - a scroll of magic mapping {unknown}
Potions
 c - a potion of invisibility
 e - a potion of magic {unknown}

Dungeon Overview and Level Annotations

Branches:
Dungeon (1/15)

Altars:

##.......##
##......[..####
+.....<.....'.# #
#####...#####.# ..
##.##.##..# ...
#.#..##.## ....
#.#..##.# ..... #.
.#.#..##.##.>....
###.# #.#+#[@#.>...#
....# ##.#.###g..##.#
....######..#.....#.#
#
............lg#####.#
#......#..###......†#
#..†...l......†...#
###.#..g#####......##
#.?>..#.# #......#
#.#.###... ########


You could see a hobgoblin.


Message History

You kill the rat!
f - a scroll labelled RUCKOFIEMU A hobgoblin comes into view.
Found a scroll labelled WUIWNA EXKUOH and 4 gold pieces.
There is an escape hatch in the floor here.
A dart slug, a frilled lizard and a goblin come into view.
Found a falchion.
The goblin shouts!
The frilled lizard hisses angrily.
You hear a shout!
The dart slug launches a dart at you. The slug dart hits you.
You see here a +0 robe.
You start resting.
A goblin is nearby!
The goblin hits you with a +0 club.
* * * LOW HITPOINT WARNING * * *
You hit the goblin.
You kill the goblin!
You hit the frilled lizard.
You kill the frilled lizard!
You hit the hobgoblin but do no damage. You bite the hobgoblin.
You draw the hobgoblin's blood!
You feel better.
The hobgoblin is heavily wounded.
The hobgoblin hits you.
* * * LOW HITPOINT WARNING * * *
You closely miss the hobgoblin.
The hobgoblin is heavily wounded.
The hobgoblin hits you.
Ouch! That really hurt!
You die...

Action                   || total
-------------------------++-------
Melee: Dagger            ||    14
       Bite              ||     3
 Abil: Exsanguinate      ||     1
 Stab: Sleeping          ||     3
Dodge: Dodged            ||     4

Levels and vault maps discovered:
D:1:      mrwooster_arrival_arrow, layout_rooms,
          shapermc_ecumenical_altar_mp_urbaneastern,
          minmay_misc_feat_four_crosses, minmay_pentomino_w2

Notes
Turn   | Place    | Note
-------+----------+-------------------------------------------
     0 | D:1      | infcreate the Vampire Enchanter began the quest for the
                  | Orb.
     0 | D:1      | Reached XP level 1. HP: 13/13 MP: 3/3
    81 | D:1      | Slain by a hobgoblin

Vanquished Creatures
  A dart slug (D:1)
  A goblin (D:1)
  2 frilled lizards (D:1)
  2 rats (D:1)
6 creatures vanquished.

Table legend: (Time is in decaauts)
 A = Elapsed time spent in this place.
 B = Non-inter-level travel time spent in this place.
 C = Inter-level travel time spent in this place.
 D = Time resting spent in this place.
 E = Time spent auto-exploring this place.
 F = Levels seen in this place.
 G = Mean time per level.
                   A        B        C        D        E       F      G
               +--------+--------+--------+--------+--------+-----+--------+
         Total |     80 |     80 |      0 |      3 |     17 |   1 |   80.0 |
       Dungeon |     80 |     80 |      0 |      3 |     17 |   1 |   80.0 |
               +--------+--------+--------+--------+--------+-----+--------+

Top non-repeatable levels by time:
     D:1: 80 daAuts

Table legend:
 A = Non-vault XP
 B = Vault XP
 C = Vault XP percentage of total XP
 D = Non-vault monster count
 E = Vault monster count
 F = Vault count percentage of total count
                 A         B        C        D         E       F
            +---------+---------+-------+---------+---------+-------
      Total |      10 |       0 |   0.0 |       6 |       0 |   0.0
            +---------+---------+-------+---------+---------+-------
        D:1 |      10 |       0 |   0.0 |       6 |       0 |   0.0
            +---------+---------+-------+---------+---------+-------
